 Dungeon Crawl Stone Soup version 0.20.0-15-g7f486f2 (webtiles) character file.

101 Sagrath01 the Insei (level 4, -2/35 HPs)
             Began as a Draconian Transmuter on June 13, 2017.
             Slain by PeterLawrence's ghost (4 damage)
             ... in a sewer on June 14, 2017.
             The game lasted 00:07:12 (1931 turns).

Sagrath01 the Insei (Draconian Transmuter)          Turns: 1931, Time: 00:07:14

Health: -2/35      AC:  5    Str: 17    XL:     4   Next: 48%
Magic:  2/7        EV: 12    Int: 14    God:
Gold:   113        SH:  0    Dex: 12    Spells: 1/7 levels left

rFire    . . .     SeeInvis .     - Unarmed
rCold    . . .     Gourm    .   (no shield)
rNeg     . . .     Faith    .   (armour unavailable)
rPois    .         Spirit   .   (helmet restricted)
rElec    .         Reflect  .   (no cloak)
rCorr    .         Harm     .   (no gloves)
MR       .....                  (no boots)
Stlth    +.........             (no amulet)
Regen    0.2/turn               (no ring)
MPRegen  0.1/turn               (no ring)

@: mighty, very slightly contaminated, hasted, very quick
A: unfitting armour, cold-blooded, AC +5
a: no special abilities


You were in a sewer.
You were very hungry.

You visited 1 branch of the dungeon, and saw 3 of its levels.
You also visited: Sewer.

You collected 113 gold pieces.

Inventory:

Missiles
 a - 51 arrows
 e - 41 stones (quivered)
 i - 29 sling bullets
Armour
 n - a +0 buckler
Jewellery
 o - an uncursed ring of magical power {unknown}
Scrolls
 k - a scroll of identify {unknown}
 p - a scroll of teleportation {unknown}
 q - 2 scrolls of enchant armour {unknown}
Books
 b - a book of Changes

   Spells                             Type                      Level
   a - Beastly Appendage              Transmutation                1
   b - Sticks to Snakes               Transmutation                2
   c - Spider Form                    Transmutation/Poison         3
   d - Ice Form                       Ice/Transmutation            4
   e - Blade Hands                    Transmutation                5
Comestibles
 c - 3 bread rations
 m - 2 meat rations


   Skills:
 - Level 1.1 Fighting
 - Level 0.1 Throwing
 - Level 1.7 Dodging
 - Level 0.8 Stealth
 + Level 5.0 Unarmed Combat
 - Level 2.0 Spellcasting
 + Level 2.1 Transmutations
 * Level 0.6 Poison Magic


You had one spell level left.
You knew the following spells:

 Your Spells              Type           Power        Failure   Level  Hunger
a - Beastly Appendage     Tmut           #.....       10%         1    ##.....
b - Sticks to Snakes      Tmut           #.......     16%         2    ###....
c - Spider Form           Tmut/Pois      #.........   38%         3    ####...


Dungeon Overview and Level Annotations

Branches:
Dungeon (3/15)

Altars:

Annotations:
D:2 Natasha Sewer PeterLawrence's ghost, amateur MiFi


Innate Abilities, Weirdness & Mutations

Your plain brown scales are hard. (AC +5)
You cannot fit into any form of body armour.
You are cold-blooded and may be slowed by cold attacks.


Message History

PeterLawrence's ghost is lightly damaged.
You hit PeterLawrence's ghost.
PeterLawrence's ghost is lightly damaged.
PeterLawrence's ghost hits you.
* * * LOW HITPOINT WARNING * * *
You closely miss PeterLawrence's ghost. You punch PeterLawrence's ghost!
PeterLawrence's ghost is moderately damaged.
PeterLawrence's ghost hits you.
* * * LOW HITPOINT WARNING * * *
You aren't carrying any potions.
As you read the scroll labeled EMAPPOS SACKI, it crumbles to dust.
You hear a loud clanging noise!
It was a scroll of noise.
You barely miss PeterLawrence's ghost.
PeterLawrence's ghost is moderately damaged.
PeterLawrence's ghost barely misses you.
You punch PeterLawrence's ghost!
PeterLawrence's ghost is heavily damaged.
PeterLawrence's ghost hits you.
You die...

### ##.##
##.†.##
##.@...##
#..W≈...#
#..≈≈≈..#
#.≈≈≈≈≈.#
#(.≈≈≈.†#
#...≈...#
##.....##
##...##
##.##


You could see PeterLawrence's ghost (inner flame).

Vanquished Creatures
  A river rat (D:3)
  2 adders (D:3)
  An ooze (D:1)
  2 worms
  2 leopard geckos (D:1)
  2 orcs (D:3)
  7 bats
  4 giant cockroaches
  4 goblins
  7 hobgoblins
  A frilled lizard (D:1)
  6 kobolds
  12 rats
51 creatures vanquished.

Vanquished Creatures (collateral kills)
  A river rat (D:3)
  A dart slug (D:3)
  A giant cockroach (D:3)
  A hobgoblin (D:3)
  A rat (D:3)
5 creatures vanquished.

Grand Total: 56 creatures vanquished

Notes
Turn   | Place    | Note
-------+----------+-------------------------------------------
     0 | D:1      | Sagrath01 the Draconian Transmuter began the quest for the Orb.
     0 | D:1      | Reached XP level 1. HP: 16/16 MP: 3/3
   162 | D:1      | Reached XP level 2. HP: 23/23 MP: 5/5
   193 | D:1      | Learned a level 2 spell: Sticks to Snakes
   511 | D:1      | Reached skill level 4 in Unarmed Combat
   629 | D:1      | Reached XP level 3. HP: 28/28 MP: 6/6
  1091 | D:2      | Noticed Natasha
  1433 | D:3      | Learned a level 3 spell: Spider Form
  1834 | D:3      | Reached XP level 4. HP: 32/35 MP: 4/7
  1862 | D:3      | Found a glowing drain.
  1893 | Sewer    | Entered a sewer
  1900 | Sewer    | Noticed PeterLawrence's ghost (amateur MiFi)
  1914 | Sewer    | Reached skill level 5 in Unarmed Combat
  1931 | Sewer    | Slain by PeterLawrence's ghost

Skill      XL: |  1  2  3  4 |
---------------+-------------+-----
Unarmed Combat | 4 5 |  5.0
Fighting       | |  1.1
Throwing       | |  0.1
Dodging        | |  1.7
Stealth        | |  0.8
Spellcasting   | |  2.0
Transmutations | |  2.1
Poison Magic   | |  0.6

Action                   |  1- 3 |  4- 6 || total
-------------------------+-------+-------++-------
Melee: Unarmed           |   125 |    36 ||   161
       Headbutt          |     8 |     2 ||    10
       Tailslap          |    14 |     5 ||    19
       Punch             |     2 |     2 ||     4
       Kick              |    15 |       ||    15
Throw: Stone             |    24 |     2 ||    26
 Cast: Beastly Appendage |    19 |     4 ||    23
       Sticks to Snakes  |     3 |     2 ||     5
  Use: Scroll            |       |     3 ||     3
       Potion            |       |     3 ||     3
 Stab: Sleeping          |     1 |       ||     1
  Eat: Chunk             |     3 |       ||     3
Armor: Skin              |    23 |    33 ||    56
Dodge: Dodged            |    73 |    33 ||   106
